TOP OF THE 1ST |
Spokane Trappers batting - Pitching for Redwood City Redwoods : RHP Will Jackson
|
Pitching: RHP Will Jackson
|
|
Batting: LHB Cisco Villanueva
|
0-0: Called Strike 0-1: Called Strike 0-2: Ball 1-2: Foul Ball, location: 2F 1-2: Ball 2-2: DOUBLE (Line Drive, 5D)
|
Batting: LHB José Delgado
|
0-0: Called Strike 0-1: Called Strike 0-2: Foul Ball, location: 2F 0-2: Ball 1-2: Foul Ball, location: 2F 1-2: Strikes out swinging
|
Batting: RHB Jackson Gibson
|
0-0: Called Strike 0-1: Ball 1-1: Fly out, F7 (Line Drive, 78M)
|
Batting: LHB Jim Jensen
|
0-0: Fly out, F3 (Line Drive, 34S)
|
Top of the 1st over - 0 run(s), 1 hit(s), 0 error(s), 1 left on base; Spokane 0 - Redwood City 0 |
BOTTOM OF THE 1ST |
Redwood City Redwoods batting - Pitching for Spokane Trappers : RHP Júlio Quintana
|
Pitching: RHP Júlio Quintana
|
|
Batting: RHB Robert Downing
|
0-0: Ball 1-0: Swinging Strike 1-1: Fly out, F8 (Flyball, 8RS)
|
Batting: LHB Keith Green
|
0-0: Ball 1-0: Ball 2-0: Called Strike 2-1: Swinging Strike 2-2: Ground out 4-3 (Groundball, 34)
|
Batting: LHB Patrick Bright
|
0-0: Ball 1-0: Swinging Strike 1-1: Ball 2-1: Ground out 4-3 (Groundball, 34)
|
Bottom of the 1st over - 0 run(s), 0 hit(s), 0 error(s), 0 left on base; Spokane 0 - Redwood City 0 |
TOP OF THE 2ND |
Spokane Trappers batting - Pitching for Redwood City Redwoods : RHP Will Jackson
|
Batting: RHB Enrico Rodríguez
|
0-0: Foul Ball, location: 2F 0-1: SINGLE (Flyball, 9LS)
|
Batting: RHB Trent Rasmussen
|
0-0: Ball 1-0: Ball 2-0: Called Strike 2-1: Ball 3-1: Foul Ball, location: 2F 3-2: Strikes out swinging Enrico Rodríguez steals 2nd base Batter strikes out.
|
Batting: LHB Will Hill
|
0-0: Called Strike 0-1: Called Strike 0-2: Ground out 6-3 (Groundball, 6M) Enrico Rodríguez to third
|
Batting: RHB Tony Hernández
|
0-0: Fly out, F8 (Flyball, 8LS)
|
Top of the 2nd over - 0 run(s), 1 hit(s), 0 error(s), 1 left on base; Spokane 0 - Redwood City 0 |
BOTTOM OF THE 2ND |
Redwood City Redwoods batting - Pitching for Spokane Trappers : RHP Júlio Quintana
|
Batting: LHB Vicente Chávez
|
0-0: Ball 1-0: Ball 2-0: Ball 3-0: Called Strike 3-1: Called Strike 3-2: Ground out U3 (Groundball, 3)
|
Batting: RHB Richie Miller
|
0-0: Ball 1-0: Ball 2-0: SINGLE (Line Drive, 6M)
|
Batting: LHB José Peralta
|
0-0: Ball 1-0: Called Strike 1-1: Called Strike 1-2: Fly out, F8 (Flyball, 8LM)
|
Batting: LHB Marcos Vázquez
|
0-0: Fielders Choice at 2nd, 6-4 (Groundball, 6)
|
Bottom of the 2nd over - 0 run(s), 1 hit(s), 0 error(s), 0 left on base; Spokane 0 - Redwood City 0 |
TOP OF THE 3RD |
Spokane Trappers batting - Pitching for Redwood City Redwoods : RHP Will Jackson
|
Batting: RHB Toru Nakanishi
|
0-0: Called Strike 0-1: Ball 1-1: Ball 2-1: Called Strike 2-2: Ball 3-2: Hit by Pitch
|
Batting: LHB Cisco Villanueva
|
0-0: Swinging Strike 0-1: Ball 1-1: Grounds into double play, 4-6-3 (Groundball, 34)
|
Batting: LHB José Delgado
|
0-0: Called Strike 0-1: Foul Ball, location: 2F 0-2: Ball 1-2: Ball 2-2: Strikes out swinging
|
Top of the 3rd over - 0 run(s), 0 hit(s), 0 error(s), 0 left on base; Spokane 0 - Redwood City 0 |
BOTTOM OF THE 3RD |
Redwood City Redwoods batting - Pitching for Spokane Trappers : RHP Júlio Quintana
|
Batting: RHB Héctor Vázquez
|
0-0: Swinging Strike 0-1: Ball 1-1: Bunted foul 1-2: Ball 2-2: Ball 3-2: Base on Balls
|
Batting: RHB David Strickland
|
0-0: Ball 1-0: Ball 2-0: SINGLE (Line Drive, 4MD) Héctor Vázquez to second Runner from 2nd tries for 3rd, OUT!
|
Batting: RHB Robert Downing
|
0-0: Grounds into double play, 1-6-3 (Groundball, P)
|
Bottom of the 3rd over - 0 run(s), 1 hit(s), 0 error(s), 0 left on base; Spokane 0 - Redwood City 0 |
TOP OF THE 4TH |
Spokane Trappers batting - Pitching for Redwood City Redwoods : RHP Will Jackson
|
Batting: RHB Jackson Gibson
|
0-0: Called Strike 0-1: Ball 1-1: Ball 2-1: DOUBLE (Line Drive, 78XD)
|
Batting: LHB Jim Jensen
|
0-0: Ball 1-0: Called Strike 1-1: Ball 2-1: Fly out, F8 (Flyball, 8RXD) Runner from 2nd tags up, SAFE at 3rd, no throw
|
Batting: RHB Enrico Rodríguez
|
0-0: Ball 1-0: Fly out, F3 (Popup, 34)
|
Batting: RHB Trent Rasmussen
|
0-0: Called Strike 0-1: Ball 1-1: Ground out 5-3 (Groundball, 56)
|
Top of the 4th over - 0 run(s), 1 hit(s), 0 error(s), 1 left on base; Spokane 0 - Redwood City 0 |
BOTTOM OF THE 4TH |
Redwood City Redwoods batting - Pitching for Spokane Trappers : RHP Júlio Quintana
|
Batting: LHB Keith Green
|
0-0: Foul Ball, location: 2F 0-1: Ball 1-1: Fly out, F5 (Line Drive, 56)
|
Batting: LHB Patrick Bright
|
0-0: Ball 1-0: Swinging Strike 1-1: Ball 2-1: Called Strike 2-2: Ball 3-2: Foul Ball, location: 2F 3-2: Fly out, F8 (Flyball, 8LM)
|
Batting: LHB Vicente Chávez
|
0-0: Swinging Strike 0-1: Fly out, F4 (Popup, 34D)
|
Bottom of the 4th over - 0 run(s), 0 hit(s), 0 error(s), 0 left on base; Spokane 0 - Redwood City 0 |
TOP OF THE 5TH |
Spokane Trappers batting - Pitching for Redwood City Redwoods : RHP Will Jackson
|
Batting: LHB Will Hill
|
0-0: Ground out 4-3 (Groundball, 4)
|
Batting: RHB Tony Hernández
|
0-0: Called Strike 0-1: Swinging Strike 0-2: Ball 1-2: Strikes out swinging
|
Batting: RHB Toru Nakanishi
|
0-0: Ground out 6-3 (Groundball, 6)
|
Top of the 5th over - 0 run(s), 0 hit(s), 0 error(s), 0 left on base; Spokane 0 - Redwood City 0 |
BOTTOM OF THE 5TH |
Redwood City Redwoods batting - Pitching for Spokane Trappers : RHP Júlio Quintana
|
Batting: RHB Richie Miller
|
0-0: Ball 1-0: Ground out 1-3 (Groundball, 13)
|
Batting: LHB José Peralta
|
0-0: Ground out U3 (Groundball, 3)
|
Batting: LHB Marcos Vázquez
|
0-0: Called Strike 0-1: Fly out, F7 (Flyball, 78D)
|
Bottom of the 5th over - 0 run(s), 0 hit(s), 0 error(s), 0 left on base; Spokane 0 - Redwood City 0 |
TOP OF THE 6TH |
Spokane Trappers batting - Pitching for Redwood City Redwoods : RHP Will Jackson
|
Batting: LHB Cisco Villanueva
|
0-0: Ball 1-0: Swinging Strike 1-1: Ball 2-1: Fly out, F9 (Flyball, 9D)
|
Batting: LHB José Delgado
|
0-0: Called Strike 0-1: Ground out 3-1 (Groundball, 34)
|
Batting: RHB Jackson Gibson
|
0-0: Swinging Strike 0-1: Ball 1-1: Swinging Strike 1-2: Ground out 4-3 (Groundball, 34)
|
Top of the 6th over - 0 run(s), 0 hit(s), 0 error(s), 0 left on base; Spokane 0 - Redwood City 0 |
BOTTOM OF THE 6TH |
Redwood City Redwoods batting - Pitching for Spokane Trappers : RHP Júlio Quintana
|
Batting: RHB Héctor Vázquez
|
0-0: Ball 1-0: Called Strike 1-1: Swinging Strike 1-2: Foul Ball, location: 2F 1-2: Ball 2-2: Ball 3-2: Foul Ball, location: 2F 3-2: Strikes out swinging
|
Batting: RHB David Strickland
|
0-0: Ground out 4-3 (Groundball, 4)
|
Batting: RHB Robert Downing
|
0-0: Ball 1-0: Ground out 5-3 (Groundball, 56S)
|
Bottom of the 6th over - 0 run(s), 0 hit(s), 0 error(s), 0 left on base; Spokane 0 - Redwood City 0 |
TOP OF THE 7TH |
Spokane Trappers batting - Pitching for Redwood City Redwoods : RHP Will Jackson
|
Batting: LHB Jim Jensen
|
0-0: Ball 1-0: Swinging Strike 1-1: Foul Ball, location: 2F 1-2: Foul Ball, location: 2F 1-2: Foul Ball, location: 2F 1-2: Ball 2-2: Foul Ball, location: 2F 2-2: Foul Ball, location: 2F 2-2: Foul Ball, location: 2F 2-2: SINGLE (Groundball, 3D)
|
Pinch Runner at 1st Octávio Zúńiga:
|
|
Pinch Hitting: LHB Alan Moore
|
0-0: SINGLE (Line Drive, 78S) Octávio Zúńiga to second
|
Batting: RHB Trent Rasmussen
|
0-0: Ball 1-0: Fly out, F8 (Line Drive, 8LXD) Runner from 2nd tags up, SAFE at 3rd, no throw
|
Batting: LHB Will Hill
|
0-0: Called Strike 0-1: Ball 1-1: Grounds into double play, 4-6-3 (Groundball, 4)
|
Top of the 7th over - 0 run(s), 2 hit(s), 0 error(s), 1 left on base; Spokane 0 - Redwood City 0 |
BOTTOM OF THE 7TH |
Redwood City Redwoods batting - Pitching for Spokane Trappers : RHP Júlio Quintana
|
Now at 3B: Pedro Rodríguez
|
|
Now at SS: Jaime Padilla
|
|
Batting: LHB Keith Green
|
0-0: Ball 1-0: Foul Ball, location: 2F 1-1: Ball 2-1: Ball 3-1: Foul Ball, location: 2F 3-2: Base on Balls
|
Batting: LHB Patrick Bright
|
0-0: Ball 1-0: 2-RUN HOME RUN (Flyball, 9LD), Distance : 330 ft
|
Batting: LHB Vicente Chávez
|
0-0: Ground out 4-3 (Groundball, 4)
|
Batting: RHB Richie Miller
|
0-0: Ball 1-0: Foul Ball, location: 2F 1-1: Ground out 4-3 (Groundball, 4)
|
Batting: LHB José Peralta
|
0-0: Ball 1-0: Ball 2-0: Called Strike 2-1: Ball 3-1: Swinging Strike 3-2: Base on Balls
|
Batting: LHB Marcos Vázquez
|
0-0: Ball 1-0: Called Strike 1-1: Ball 2-1: Called Strike 2-2: Strikes out swinging
|
Bottom of the 7th over - 2 run(s), 1 hit(s), 0 error(s), 1 left on base; Spokane 0 - Redwood City 2 |
TOP OF THE 8TH |
Spokane Trappers batting - Pitching for Redwood City Redwoods : RHP Will Jackson
|
Batting: RHB Tony Hernández
|
0-0: Ground out 4-3 (Groundball, 4)
|
Batting: RHB Toru Nakanishi
|
0-0: DOUBLE (Line Drive, 89D)
|
Batting: LHB Cisco Villanueva
|
0-0: Called Strike 0-1: Fly out, F9 (Flyball, 9S)
|
Batting: LHB José Delgado
|
0-0: Ball 1-0: Called Strike 1-1: Called Strike 1-2: Foul Ball, location: 2F 1-2: Ball 2-2: Foul Ball, location: 2F 2-2: Foul Ball, location: 2F 2-2: Foul Ball, location: 2F 2-2: Ground out U3 (Groundball, 3S)
|
Top of the 8th over - 0 run(s), 1 hit(s), 0 error(s), 1 left on base; Spokane 0 - Redwood City 2 |
BOTTOM OF THE 8TH |
Redwood City Redwoods batting - Pitching for Spokane Trappers : RHP Júlio Quintana
|
Pitching: LHP Adrián León
|
|
Batting: RHB Héctor Vázquez
|
0-0: Called Strike 0-1: Fly out, F9 (Flyball, 89S)
|
Batting: RHB David Strickland
|
0-0: Ball 1-0: Ball 2-0: Called Strike 2-1: Swinging Strike 2-2: Strikes out looking
|
Batting: RHB Robert Downing
|
0-0: Ball 1-0: Foul Ball, location: 2F 1-1: Fly out, F9 (Flyball, 9)
|
Bottom of the 8th over - 0 run(s), 0 hit(s), 0 error(s), 0 left on base; Spokane 0 - Redwood City 2 |
TOP OF THE 9TH |
Spokane Trappers batting - Pitching for Redwood City Redwoods : RHP Will Jackson
|
Pitching: RHP Gil Paling
|
|
Batting: RHB Jackson Gibson
|
0-0: Ground out 6-3 (Groundball, 6)
|
Batting: RHB Pedro Rodríguez
|
0-0: Ball 1-0: Called Strike 1-1: Ball 2-1: Ball 3-1: Base on Balls
|
Pinch Hitting: RHB Jacob Hill
|
0-0: DOUBLE (Line Drive, 89D) Pedro Rodríguez to third
|
Pinch Hitting: LHB Rusty Herbert
|
0-0: Foul Ball, location: 2F 0-1: Called Strike 0-2: Foul Ball, location: 2F 0-2: Foul Ball, location: 2F 0-2: Ball 1-2: Strikes out looking
|
Batting: LHB Will Hill
|
0-0: Ball 1-0: Ball 2-0: SINGLE (Line Drive, 4M) Pedro Rodríguez scores Jacob Hill to third Runner from 3rd tries for Home, SAFE, no throw
|
Pitching: RHP Johnny Bryant
|
|
Pinch Runner at 1st Enrique Mendoza:
|
|
Batting: RHB Tony Hernández
|
0-0: SINGLE (Flyball, 9S) Enrique Mendoza to second Runner from 2nd tries for 3rd, SAFE, throw made to third Tony Hernández to second
|
Batting: RHB Toru Nakanishi
|
0-0: Ball 1-0: Swinging Strike 1-1: Ball 2-1: Foul Ball, location: 2F 2-2: Foul Ball, location: 2F 2-2: Strikes out looking
|
Top of the 9th over - 2 run(s), 3 hit(s), 0 error(s), 2 left on base; Spokane 2 - Redwood City 2 |
BOTTOM OF THE 9TH |
Redwood City Redwoods batting - Pitching for Spokane Trappers : LHP Adrián León
|
Now at C: António Martínez
|
|
Now at 2B: Rusty Herbert
|
|
Pinch Hitting: RHB Javier Ortíz
|
0-0: Ball 1-0: Swinging Strike 1-1: Ball 2-1: Foul Ball, location: 2F 2-2: Foul Ball, location: 2F 2-2: Ball 3-2: Ground out 6-3 (Groundball, 6)
|
Pinch Hitting: RHB Bob Campbell
|
0-0: Ball 1-0: Foul Ball, location: 2F 1-1: Ball 2-1: Called Strike 2-2: Foul Ball, location: 2F 2-2: Fly out, F8 (Flyball, 8LD)
|
Batting: LHB Vicente Chávez
|
0-0: Swinging Strike 0-1: Foul Ball, location: 2F 0-2: Ball 1-2: Foul Ball, location: 2F 1-2: Foul Ball, location: 2F 1-2: Strikes out swinging
|
Bottom of the 9th over - 0 run(s), 0 hit(s), 0 error(s), 0 left on base; Spokane 2 - Redwood City 2 |
BOTTOM OF THE 10TH |
Redwood City Redwoods batting - Pitching for Spokane Trappers : LHP Adrián León
|
Batting: RHB Richie Miller
|
0-0: Foul Ball, location: 2F 0-1: Ball 1-1: Fly out, F5 (Line Drive, 56)
|
Pinch Hitting: RHB Juan Robles
|
0-0: Called Strike 0-1: Called Strike 0-2: Ball 1-2: Fly out, F7 (Flyball, 7S)
|
Batting: LHB Marcos Vázquez
|
0-0: Called Strike 0-1: Called Strike 0-2: Ground out 4-3 (Groundball, 4)
|
Bottom of the 10th over - 0 run(s), 0 hit(s), 0 error(s), 0 left on base; Spokane 2 - Redwood City 2 |
TOP OF THE 11TH |
Spokane Trappers batting - Pitching for Redwood City Redwoods : RHP Johnny Bryant
|
Now in LF: Pedro Rodríguez
|
|
Batting: RHB Enrique Mendoza
|
0-0: SINGLE (Line Drive, 9LM)
|
Batting: RHB Tony Hernández
|
0-0: Ball Enrique Mendoza steals 2nd base 1-0: Swinging Strike 1-1: Swinging Strike 1-2: Strikes out swinging
|
Batting: RHB Toru Nakanishi
|
0-0: Intentional Walk
|
Batting: LHB Cisco Villanueva
|
0-0: Ball 1-0: Grounds into double play, 4-6-3 (Groundball, 4)
|
Top of the 11th over - 0 run(s), 1 hit(s), 0 error(s), 1 left on base; Spokane 2 - Redwood City 2 |
BOTTOM OF THE 11TH |
Redwood City Redwoods batting - Pitching for Spokane Trappers : LHP Adrián León
|
Batting: RHB Héctor Vázquez
|
0-0: Called Strike 0-1: SOLO HOME RUN (Flyball, 89XD), Distance : 388 ft
|
Tuesday, August 8th, 2017 - OOTP Baseball 17.12 Build 75
|
|